 Dungeon Crawl Stone Soup version 0.30.0-5-g1a98f26d00 (webtiles) character file.

Game seed: 1189025239965108538

6808 ProzacElf the Spear-Bearer (level 11, -1/85 HPs)
             Began as a Meteoran Cinder Acolyte on May 8, 2023.
             Was a High Priest of Ignis.
             Slain by an orc warrior
             ... wielding a +0 long sword of electrocution
              (11 damage)
             ... on level 9 of the Dungeon.
             The game lasted 00:26:03 (5035 turns).

ProzacElf the Spear-Bearer (MeCA)                   Turns: 5035, Time: 00:26:04

Health: -1/85      AC: 13    Str: 18    XL:     11   Next: 49%
Magic:  19/19      EV: 14    Int: 16    God:    Ignis [*****.]
Gold:   278        SH:  0    Dex: 12    Spells: 14/20 levels left

rFire   . . .        a - +6 war axe (drain)
rCold   + . .        (no shield)
rNeg    . . .        H - +1 swamp dragon scales
rPois   +            y - +0 helmet
rElec   .            C - +2 cloak of Tapeifil {rF- rC+ Will+}
rCorr   .            t - +0 pair of gloves
SInv    .            (no boots)
Will    ++...        m - amulet of the acrobat
Stlth   +            w - ring of wizardry
HPRegen 0.34/turn    (no ring)
MPRegen 0.16/turn

%: acrobat, wizardry (x1)
@: glowing
A: sense surroundings 2, otherworldly, glowing, explore regen
a: Renounce Religion, Fiery Armour, Foxfire Swarm, Rising Flame


You were on level 9 of the Dungeon.
You worshipped Ignis.
Ignis was extremely pleased with you.
You visited 1 branch of the dungeon, and saw 9 of its levels.
You also visited: Ossuary and Bailey.

You collected 278 gold pieces.

Inventory:

Hand Weapons
 a - a +6 war axe of draining (weapon)
 b - a +0 trident
 E - a +1 heavy spear
 G - a -1 spear of flaming
Missiles
 g - 10 boomerangs
 l - 30 poisoned darts (quivered)
 n - 2 throwing nets
 u - 2 javelins
Armour
 k - a +0 cloak of stealth
 s - a scarf of shadows
 t - a +0 pair of gloves (worn)
 y - a +0 helmet (worn)
 A - a +0 pair of boots
 C - the +2 cloak of Tapeifil (worn) {rF- rC+ Will+}
   (You found it on level 4 of the Dungeon)

   rF:        It makes you vulnerable to fire.
   rC:        It protects you from cold.
   Will:      It increases your willpower.
 H - +1 swamp dragon scales (worn)
Jewellery
 m - an amulet of the acrobat (around neck)
 q - a ring of fire
 w - a ring of wizardry (left hand)
 I - a +5 ring of evasion
 K - a ring of positive energy
Wands
 D - a wand of flame (14)
 F - a wand of charming (4)
Scrolls
 d - a scroll of vulnerability
 e - a scroll of magic mapping
 f - 3 scrolls of teleportation
 h - a scroll of immolation
 j - 2 scrolls of enchant weapon
 v - 2 scrolls of enchant armour
 M - 3 scrolls of fog
Potions
 c - 7 potions of curing
 i - a potion of lignification
 o - a potion of resistance {unknown}
 p - 2 potions of magic {unknown}
 r - a potion of haste {unknown}
 x - a potion of flight
 z - 4 potions of mutation
 B - a potion of berserk rage
 J - 2 potions of might


   Skills:
 + Level 4.5 Fighting
 + Level 6.7(9.3) Axes
 - Level 10.0(10.8) Polearms
 - Level 10.0 Dodging
 - Level 5.0 Spellcasting
 + Level 3.1 Conjurations
 - Level 5.0 Fire Magic
 - Level 10.0 Evocations


You had 14 spell levels left.
You knew the following spells:

 Your Spells              Type           Power      Damage    Failure   Level
a - Scorch                Fire           40%        2d7       2%          2
b - Flame Wave            Conj/Fire      17%        2d7       21%         4

Your spell library contained the following spells:

 Spells                   Type           Power      Damage    Failure   Level
 Animate Dead             Necr           4%         N/A       69%         4
 Summon Ice Beast         Ice/Summ       4%         N/A       69%         4
 Borgnjor's Vile Clutch   Necr/Erth      2%         N/A       95%         5
 Summon Mana Viper        Hex/Summ       4%         N/A       95%         5
 Death Channel            Necr           2%         N/A       100%        6
 Summon Cactus Giant      Summ           2%         N/A       100%        6
 Monstrous Menagerie      Summ           2%         N/A       100%        7


Dungeon Overview and Level Annotations

Branches:
Dungeon (9/15) Zot: 1175  Ossuary (visited)          Bailey (visited)
 Temple: D:4-7         Lair: D:8-11         Orc: D:9-12

Altars:
Uskayaw

Shops:
D:3 :   D:6 :*


Innate Abilities, Weirdness & Mutations

You passively map the area around you.
You are easily found by Zot.
You glow in the dark.
You regain HP and MP as you explore.


Message History

Tha yak be severely wounded.
Ye barely miss tha yak.
Tha yak closely misses ye.
Tha yak misses ye.
Ye barely miss tha yak.
Tha yak be severely wounded.
Ye slash tha yak!
Ye drain tha yak.
Tha yak gores ye.
Ye take 1 damage, an' haf 33/84 hp.
Ye hit tha yak.
Ye drain tha yak.
Tha yak be almost dead.
Ye hit tha yak.
Ye drain tha yak.
Tha yak gores ye but does nay damage.
Ye slash tha yak!
Ye kill tha yak!
Ye slash tha yak!
Ye kill tha yak!
Yer Conjurations skill increases ta level 3!
Ye hit tha orc warrior but do nay damage.
Tha orc warrior misses ye. x2
Ye slash tha orc warrior!
Tha orc warrior be moderately wounded.
Tha orc warrior hits ye wit' a +0 long sword o' electrocution!
Ye take 6 damage, an' haf 28/85 hp.
Ye closely miss tha orc warrior.
Tha orc warrior be moderately wounded.
Tha orc warrior closely misses ye.
Ye hit tha orc warrior.
Tha orc warrior be heavily wounded.
Tha orc warrior hits ye but does nay damage.
Ye be electrocuted!
* * * LOW HITPOINT WARNIN'
* * * Ye take 8 damage, an' haf 20/85 hp.
Ye completely miss tha orc warrior.
Tha orc warrior be heavily wounded.
Tha orc warrior hits ye wit' a +0 long sword o' electrocution!
* * * LOW HITPOINT WARNIN'
* * * Ye take 7 damage, an' haf 13/85 hp.
Ye slash tha orc warrior!
Tha orc warrior be almost dead.
Tha orc warrior hits ye wit' a +0 long sword o' electrocution.
* * * LOW HITPOINT WARNIN'
* * * Ye be electrocuted!
Ye die...

*
#.#............
*,
.....###...#####
,
#.#.....#......#
* * ,
.....#........#
* *
##....#.#......#
* ,
...............#
* *
#..............#
* ....#.....####
* ###.#...†@# *
* * , #.....#o#*
* , #......YY#*
* * *
#.######YY# * ,
,,...


YYYY * ,..# , YoY.., , , .. , o....., , * * ...... , , * ** , ,, * * You could
see 9 yaks, an orc warrior and 2 orcs.

Vanquished Creatures
  Maggie (D:6)
  18 yaks
  Menkaure (D:6)
  10 orc warriors
  A black bear (D:6)
  An ogre (D:6)
  Blork the orc (D:4)
  2 bullfrogs
  2 kobold brigands
  11 scorpions
  A gnoll sergeant (D:8)
  7 wights
  5 killer bees
  3 hounds
  3 human zombies
  6 orc priests
  A jelly (D:6)
  An iguana (D:4)
  5 orc wizards
  8 scorpion zombies (Ossuary)
  3 mummies (Ossuary)
  Robin (D:4)
  13 gnolls
  3 adders
  An ufetubus (D:6)
  2 worms (D:4)
  2 dart slugs
  24 orcs
  4 ball pythons
  2 endoplasms
  2 giant cockroaches
  2 gnoll zombies (Ossuary)
  21 goblins
  8 hobgoblins
  11 kobolds
  3 quokkas
  2 bats (D:1)
  3 frilled lizards (D:3)
  A goblin zombie (Ossuary)
  3 hobgoblin zombies (Ossuary)
  2 kobold zombies (Ossuary)
  An orc skeleton (D:6)
  A rat (D:3)
203 creatures vanquished.

Vanquished Creatures (collateral kills)
  A hound (D:6)
  An iguana (D:6)
2 creatures vanquished.

Vanquished Creatures (others)
  An orc wizard (D:7)
  27 foxfires (D:4)
28 creatures vanquished.

Grand Total: 233 creatures vanquished

Notes
Turn   | Place    | Note
-------+----------+-------------------------------------------
     0 | D:1      | ProzacElf the Meteoran Cinder Acolyte began the quest for
                  | the Orb.
     0 | D:1      | Reached XP level 1. HP: 19/19 MP: 3/3
    47 | D:1      | Reached XP level 2. HP: 18/26 MP: 5/5
   222 | D:1      | Found a faded altar of an unknown god.
   484 | D:2      | Reached XP level 3. HP: 31/31 MP: 7/7
   612 | D:3      | Found Duef's Book Shoppe.
   972 | D:4      | Reached XP level 4. HP: 22/38 MP: 8/8
  1144 | D:4      | Noticed a scorpion
  1163 | D:4      | Killed a scorpion
  1164 | D:4      | Reached XP level 5. HP: 26/45 MP: 9/11
  1188 | D:4      | Reached skill level 5 in Polearms
  1305 | D:4      | Noticed Robin
  1334 | D:4      | Killed Robin
  1335 | D:4      | Reached skill level 5 in Fire Magic
  1347 | D:4      | Noticed Blork the orc
  1351 | D:4      | Reached XP level 6. HP: 17/51 MP: 12/12
  1366 | D:4      | HP: 1/51 [Blork the orc/puff of flame (3)]
  1372 | D:4      | Killed Blork the orc
  1736 | D:4      | Reached XP level 7. HP: 37/57 MP: 13/15
  1948 | D:4      | Reached skill level 5 in Spellcasting
  2121 | D:4      | Identified the +2 cloak of Tapeifil {rF- rC+ Will+}
  2157 | D:5      | Entered Level 5 of the Dungeon
  2180 | D:5      | Found a hide-covered altar of Uskayaw.
  2193 | D:6      | Noticed Menkaure
  2207 | D:6      | Killed Menkaure
  2208 | D:6      | Reached XP level 8. HP: 48/63 MP: 16/16
  2366 | D:6      | Noticed Maggie
  2391 | D:6      | Found Louzar's Vocational Training.
  2408 | D:6      | Killed Maggie
  2409 | D:6      | Reached skill level 10 in Polearms
  2409 | D:6      | Reached skill level 1 in Dodging
  2409 | D:6      | Reached skill level 1 in Evocations
  2508 | D:6      | Gained mutation: You passively map the area around you.
                  | [Meteoran growth]
  2508 | D:6      | Reached XP level 9. HP: 62/70 MP: 17/17
  2563 | D:6      | Found Pogohal's General Store.
  2739 | D:6      | Found a sand-covered staircase.
  2751 | Ossuary  | Entered an ossuary
  2899 | Ossuary  | Reached skill level 5 in Dodging
  2899 | Ossuary  | Reached skill level 5 in Evocations
  3140 | D:6      | Reached XP level 10. HP: 27/75 MP: 18/18
  3883 | D:8      | Found a flagged portal.
  3902 | Bailey   | Entered a bailey
  3941 | Bailey   | Reached skill level 1 in Axes
  4391 | Bailey   | Glimpsed the power of Zot.
  4407 | Bailey   | Noticed an orc warlord
  4566 | D:8      | Learned a level 2 spell: Scorch
  4571 | D:8      | Learned a level 4 spell: Flame Wave
  4812 | D:8      | Reached XP level 11. HP: 65/82 MP: 19/19
  4865 | D:8      | Reached skill level 5 in Axes
  4979 | D:9      | Reached skill level 10 in Dodging
  4979 | D:9      | Reached skill level 10 in Evocations
  4997 | D:9      | Reached skill level 1 in Conjurations
  5035 | D:9      | Slain by an orc warrior

Illustrated notes

Levels and vault maps discovered:
D:1:      dpeg_arrival_rooms_c, layout_basic,
          ebering_ecumenical_altar_abandoned, serial_bayou,
          serial_bayou_shore_a, serial_bayou_shore_b, serial_bayou_ford_a,
          serial_bayou_lake_a
D:2:      layout_loops_ring
D:3:      layout_basic, serial_shops, shop
D:4:      cheibrodos_pilgrimage, layout_rooms, minmay_temple_entry_butterflies,
          minivault_11, minmay_rat_hole, uniq_robin, uniq_blork_the_orc
D:5:      layout_loops_cross, marbit_many_paths, overflow_temple_1_default,
          cheibriados_altar_1, gammafunk_temple_overflow_elements
D:6:      layout_basic, nicolae_ossuary_entry_catacombs, serial_shops, shop,
          minmay_holes, nicolae_shop_vocational, uniq_menkaure, uniq_maggie
D:7:      layout_loops_corners, nicolae_wu_jian_immortal_techniques
D:8:      layout_basic, kennysheep_mini, enter_bailey_5
D:9:      layout_basic, lair_entry_dummy

Skill      XL: |  1  2  3  4  5  6  7  8  9 10 11 |
---------------+----------------------------------+-----
Spellcasting   | 2 3 4 5 |  5.0
Polearms       | 4 5 6 8 10 | 10.0
Fire Magic     | 4 5 |  5.0
Dodging        | 2 6 9 10 | 10.0
Evocations     | 2 6 9 10 | 10.0
Axes           | 4 6 |  6.7
Conjurations   | 3 |  3.1
Fighting       | 4 |  4.5

Action                     |  1- 3 |  4- 6 |  7- 9 | 10-12 || total
---------------------------+-------+-------+-------+-------++-------
  Melee: Spear             |   104 |   129 |       |       ||   233
         Punch             |     2 |     1 |     3 |       ||     6
         Trident           |       |     4 |   105 |       ||   109
         War axe           |       |       |   149 |   284 ||   433
  Throw: Dart              |       |       |     1 |     3 ||     4
 Invoke: Foxfire Swarm     |       |     1 |     1 |       ||     2
  Evoke: Wand              |       |       |     1 |     2 ||     3
    Use: Potion            |       |     1 |     2 |       ||     3
         Scroll            |       |       |     5 |    10 ||    15
 Armour: Robe              |    12 |       |       |       ||    12
         Ring mail         |    19 |    49 |    50 |       ||   118
         Swamp dragon scal |       |       |    99 |   101 ||   200
  Dodge: Dodged            |    24 |    54 |   130 |   179 ||   387

Action                     |  1- 3 |  4- 6 |  7- 9 | 10-12 || total
---------------------------+-------+-------+-------+-------++-------
  Melee: Spear             |   104 |   129 |       |       ||   233
         Punch             |     2 |     1 |     3 |       ||     6
         Trident           |       |     4 |   105 |       ||   109
         War axe           |       |       |   149 |   284 ||   433
  Throw: Dart              |       |       |     1 |     3 ||     4
 Invoke: Foxfire Swarm     |       |     1 |     1 |       ||     2
  Evoke: Wand              |       |       |     1 |     2 ||     3
    Use: Potion            |       |     1 |     2 |       ||     3
         Scroll            |       |       |     5 |    10 ||    15
 Armour: Robe              |    12 |       |       |       ||    12
         Ring mail         |    19 |    49 |    50 |       ||   118
         Swamp dragon scal |       |       |    99 |   101 ||   200
  Dodge: Dodged            |    24 |    54 |   130 |   179 ||   387

Levels and vault maps discovered:
D:1:      dpeg_arrival_rooms_c, layout_basic,
          ebering_ecumenical_altar_abandoned, serial_bayou,
          serial_bayou_shore_a, serial_bayou_shore_b, serial_bayou_ford_a,
          serial_bayou_lake_a
D:2:      layout_loops_ring
D:3:      layout_basic, serial_shops, shop
D:4:      cheibrodos_pilgrimage, layout_rooms, minmay_temple_entry_butterflies,
          minivault_11, minmay_rat_hole, uniq_robin, uniq_blork_the_orc
D:5:      layout_loops_cross, marbit_many_paths, overflow_temple_1_default,
          cheibriados_altar_1, gammafunk_temple_overflow_elements
D:6:      layout_basic, nicolae_ossuary_entry_catacombs, serial_shops, shop,
          minmay_holes, nicolae_shop_vocational, uniq_menkaure, uniq_maggie
D:7:      layout_loops_corners, nicolae_wu_jian_immortal_techniques
D:8:      layout_basic, kennysheep_mini, enter_bailey_5
D:9:      layout_basic, lair_entry_dummy
